 Dungeon Crawl Stone Soup version 0.29-a0-885-gb26ba3297d (webtiles) character file.

Game seed: 17247918256807391057

14 frimble the Magician (level 2, 0/19 HPs)
             Began as a Demonspawn Hedge Wizard on July 21, 2022.
             Slain by a frilled lizard (2 damage)
             ... on level 1 of the Dungeon.
             The game lasted 00:00:45 (722 turns).

frimble the Magician (Demonspawn Hedge Wizard)       Turns: 722, Time: 00:00:46

Health: 0/19       AC:  4    Str: 10    XL:     2   Next: 31%
Magic:  6/6        EV: 12    Int: 15    God:
Gold:   19         SH:  0    Dex: 12    Spells: 6/7 levels left

rFire   . . .      SeeInvis .   a - +0 dagger
rCold   . . .      Faith    .   (no shield)
rNeg    . . .      Spirit   .   b - +0 robe
rPois   .          Reflect  .   c - +0 hat
rElec   .          Harm     .   (no cloak)
rCorr   .          Rampage  .   (no gloves)
Will    .....                   (no boots)
Stlth   ++........              (no amulet)
HPRegen 0.06/turn               (no ring)
MPRegen 0.10/turn               (no ring)

@: no status effects
A: thin metallic scales 1
a: no special abilities


You were on level 1 of the Dungeon.
You visited 1 branch of the dungeon, and saw 2 of its levels.

You collected 19 gold pieces.

Inventory:

Hand Weapons
 a - a +0 dagger (weapon)
Armour
 b - a +0 robe (worn)
 c - a +0 hat (worn)
Potions
 d - a potion of magic
 e - a potion of brilliance {unknown}


   Skills:
 + Level 1.4 Short Blades
 - Level 1.8 Dodging
 - Level 1.8 Stealth
 - Level 3.0 Spellcasting
 - Level 1.0 Conjurations
 - Level 1.0 Summonings
 - Level 0.9 Translocations


You had 6 spell levels left.
You knew the following spells:

 Your Spells              Type           Power      Damage    Failure   Level
a - Magic Dart            Conj           20%        1d4       13%         1

Your spell library contained the following spells:

 Spells                   Type           Power      Damage    Failure   Level
 Call Imp                 Summ           5%         N/A       19%         2
 Slow                     Hex            8%         N/A       21%         1
 Blink                    Tloc           10%        N/A       21%         2
 Conjure Flame            Conj/Fire      3%         6-21      43%         3
 Mephitic Cloud           Conj/Pois/Air  3%         N/A       45%         3


Dungeon Overview and Level Annotations

Branches:
Dungeon (2/15)

Altars:


Innate Abilities, Weirdness & Mutations

You are partially covered in thin metallic scales. (AC +2)


Message History

The dart slug is heavily wounded.
The goblin misses you. The frilled lizard barely misses you.
The dart slug misses you.
You hit the dart slug but do no damage.
The dart slug is heavily wounded.
The frilled lizard bites you. The goblin hits you but does no damage.
The dart slug bites you.
You hit the dart slug.
The dart slug is almost dead.
The frilled lizard bites you. The goblin hits you but does no damage.
You hit the dart slug but do no damage.
The dart slug is almost dead.
The goblin completely misses you. The frilled lizard barely misses you.
The dart slug bites you.
You hit the dart slug but do no damage.
The dart slug is almost dead.
The frilled lizard bites you but does no damage.
The goblin hits you with a +0 club.
* * * LOW HITPOINT WARNING * * *
The dart slug closely misses you.
You hit the dart slug.
You kill the dart slug!
The frilled lizard bites you but does no damage.
The goblin hits you but does no damage. The goblin hits you with a +0 club.
* * * LOW HITPOINT WARNING * * *
You barely miss the goblin.
The goblin is moderately wounded.
The goblin barely misses you.
The frilled lizard bites you but does no damage.
You barely miss the goblin.
The goblin is moderately wounded.
The frilled lizard completely misses you.
The goblin hits you but does no damage.
You barely miss the goblin.
The goblin is moderately wounded.
The goblin hits you with a +0 club.
* * * LOW HITPOINT WARNING * * *
The frilled lizard bites you.
You die...

##.(#..g#[.#
#####...#g..###..w
#.......#...#.. ....
##########........###...#
#.g
≈≈≈≈≈≈#..........#.....#..
. ###≈#≈# #........#...###
#≈<≈#≈# ##....)..#..#.(
≈≈≈≈≈≈# #........### ..#
##'##### #...#..@g..#...#
.......###...##.l....# .
###.........#####.......
#####.....# #......
#.....# ##.... #######
#..# #.. ##


You could see a goblin and a frilled lizard.

Vanquished Creatures
  2 dart slugs (D:1)
  A giant cockroach (D:1)
  A goblin (D:1)
  2 hobgoblins (D:2)
  3 ball pythons
  A kobold (D:2)
10 creatures vanquished.

Notes
Turn   | Place    | Note
-------+----------+-------------------------------------------
     0 | D:1      | frimble the Demonspawn Hedge Wizard began the quest for the
                  | Orb.
     0 | D:1      | Reached XP level 1. HP: 13/13 MP: 4/4
   273 | D:2      | Reached skill level 1 in Short Blades
   273 | D:2      | Gained mutation: You are partially covered in thin metallic
                  | scales. (AC +2) [demonic ancestry]
   273 | D:2      | Reached XP level 2. HP: 5/19 MP: 0/6
   722 | D:1      | Slain by a frilled lizard

Illustrated notes

Levels and vault maps discovered:
D:1:      ncdulo_wetmaze, layout_rooms, hellmonk_ecumenical_altar_watching_god,
          nicolae_titane
D:2:      wander_river, layout_basic, basic_altar, minmay_joined_circles

Skill      XL: |  1 |
---------------+----+-----
Short Blades   | 1 |  1.4
Dodging        | |  1.8
Stealth        | |  1.8
Spellcasting   | |  3.0
Conjurations   | |  1.0
Summonings     | |  1.0
Translocations | |  0.9

Action                   || total
-------------------------++-------
Melee: Dagger            ||    62
 Cast: Magic Dart        ||     8
  Use: Potion            ||     1
 Stab: Sleeping          ||     1
Armor: Robe              ||    25
Dodge: Dodged            ||    69

Table legend: (Time is in decaauts)
 A = Elapsed time spent in this place.
 B = Non-inter-level travel time spent in this place.
 C = Inter-level travel time spent in this place.
 D = Time resting spent in this place.
 E = Time spent auto-exploring this place.
 F = Levels seen in this place.
 G = Mean time per level.
                   A        B        C        D        E       F      G
               +--------+--------+--------+--------+--------+-----+--------+
         Total |    724 |    708 |     16 |    215 |    375 |   2 |  362.0 |
       Dungeon |    724 |    708 |     16 |    215 |    375 |   2 |  362.0 |
               +--------+--------+--------+--------+--------+-----+--------+

Top non-repeatable levels by time:
     D:2: 445 daAuts
     D:1: 279 daAuts
